 Dungeon Crawl Stone Soup version 0.27.1-15-g792fb953b9 (webtiles) character file.

Game seed: 2199078082409259886

1407 spaced the Shield-Bearer (level 8, -3/70 HPs)
             Began as a Minotaur Fighter on Nov 19, 2021.
             Was a Follower of Okawaru.
             Slain by a gnoll sergeant (7 damage)
             ... on level 5 of the Dungeon.
             The game lasted 00:52:59 (7119 turns).

spaced the Shield-Bearer (Minotaur Fighter)         Turns: 7119, Time: 00:53:01

Health: -3/70      AC:  8    Str: 24    XL:     8   Next: 42%
Magic:  7/7        EV: 10    Int:  5    God:    Okawaru [*.....]
Gold:   136        SH: 12    Dex:  9    Spells: 5/7 levels left

rFire    . . .     SeeInvis .   A - +2 flail (protect)
rCold    . . .     Faith    .   c - +2 kite shield
rNeg     . . .     Spirit   .   e - +1 ring mail
rPois    .         Reflect  .   (helmet restricted)
rElec    .         Harm     .   x - +0 cloak
rCorr    .         Rampage  .   (no gloves)
Will     .....                  (no boots)
Stlth    +.........             (no amulet)
HPRegen  0.21/turn              i - ring of wizardry
MPRegen  0.10/turn              (no ring)

@: lethally poisoned (-3 -> -28)
A: horns 2, retaliatory headbutt
a: Renounce Religion, Heroism


You were on level 5 of the Dungeon.
You worshipped Okawaru.
Okawaru was aware of your devotion.
You visited 2 branches of the dungeon, and saw 7 of its levels.

You collected 240 gold pieces.
You spent 104 gold pieces at shops.

Inventory:

Hand Weapons
 a - a +0 trident
 d - a +4 short sword
 f - a +0 whip of holy wrath
 k - a +0 halberd
 m - a +1 dagger of electrocution
 o - a +0 hand axe
 A - a +2 flail of protection (weapon)
Missiles
 t - 19 poisoned darts (quivered)
 z - 2 throwing nets
Armour
 b - a +0 scale mail
 c - a +2 kite shield (worn)
 e - a +1 ring mail (worn)
 x - a +0 cloak (worn)
Magical Staves
 s - a staff of earth
Jewellery
 i - a ring of wizardry (left hand)
Wands
 r - a wand of polymorph (5)
 v - a wand of iceblast (7)
Scrolls
 g - 2 scrolls of teleportation
 q - a scroll of blinking
 u - 2 scrolls of amnesia {unknown}
 w - a scroll of noise {unknown}
 y - a scroll of identify
 B - a scroll of magic mapping {unknown}
Potions
 h - a potion of flight {unknown}
 j - a potion of cancellation {unknown}
 l - 2 potions of heal wounds
 n - 4 potions of haste
 p - 2 potions of curing


   Skills:
 + Level 6.1 Fighting
 + Level 3.5 Short Blades
 + Level 2.1 Maces & Flails
 + Level 4.8 Polearms
 + Level 0.1(3.2) Staves
 + Level 1.1 Throwing
 + Level 6.1 Armour
 + Level 3.9 Dodging
 + Level 1.0 Stealth
 + Level 6.8 Shields
 + Level 0.9 Evocations


You had 5 spell levels left.
You knew the following spells:

 Your Spells              Type           Power      Damage    Failure   Level
a - Blink                 Tloc           N/A        N/A       77%         2

Your spell library contained the following spells:

 Spells                   Type           Power      Damage    Failure   Level
 Ozocubu's Armour         Ice            0%         N/A       92%         3
 Manifold Assault         Tloc           0%         N/A       100%        5
 Ozocubu's Refrigeration  Ice            0%         4d5       100%        7
 Storm Form               Tmut/Air       0%         N/A       100%        7


Dungeon Overview and Level Annotations

Branches:
Dungeon (6/15)             Temple (1/1) D:5

Altars:
Ashenzari
Cheibriados
Dithmenos
Elyvilon
Fedhas
Gozag
Hepliaklqana
Kikubaaqudgha
Makhleb
Nemelex Xobeh
Okawaru
Qazlal
Ru
Sif Muna
Trog
Uskayaw
Vehumet
Wu Jian
Xom
Yredelemnul
Zin
The Shining One

Shops:
D:5 !


Innate Abilities, Weirdness & Mutations

You have a pair of horns on your head.
You reflexively headbutt those who attack you in melee.


Message History

You completely miss the water moccasin.
The water moccasin is heavily wounded.
The water moccasin bites you but does no damage.
The gnoll hits you from afar with a +0 spear.
You block the gnoll's attack.
The gnoll sergeant hits you but does no damage.
You block the gnoll's attack. The water moccasin closely misses you.
The howler monkey barely misses you.
You barely miss the howler monkey. The water moccasin bites you.
You are poisoned.
The water moccasin poisons you! The gnoll barely misses you.
You block the gnoll sergeant's attack. You block the gnoll's attack.
The gnoll misses you.
The howler monkey hits you but does no damage.
The water moccasin bites you.
You are more poisoned.
The water moccasin poisons you! The gnoll hits you but does no damage.
The gnoll hits you with a +0 whip. You block the gnoll sergeant's attack.
The gnoll barely misses you. You block the howler monkey's attack.
You feel extremely sick. You block the water moccasin's attack.
The howler monkey hoots and howls with incredible vigour!
You block the gnoll's attack. The gnoll hits you with a +0 flail.
* * * LOW HITPOINT WARNING * * *
You block the gnoll's attack.
The gnoll sergeant hits you with a +0 spear.
* * * LOW HITPOINT WARNING * * *
You hear an angry hiss.
You climb upwards.
* * * LOW HITPOINT WARNING * * *
You feel extremely sick.
There is a stone staircase leading down here.
* * * LOW HITPOINT WARNING * * *
You feel very sick. The water moccasin bites you.
* * * LOW HITPOINT WARNING * * *
You are more poisoned.
The water moccasin poisons you! You block the water moccasin's attack.
The gnoll sergeant hits you from afar with a +0 spear!
You die...

...# #.#### #.# #.# #.# ...#
#....# #.# #.# #.# ##.# ####.#
#.# #.# #.# #.# #.# #.# #.#
#.# #.# #.# #.# #.# #.#
##.########.# #.# #.# #..
#...........# #.# #.# ###
..#.#######.# ####g# #.#
#...........###.@h.# #.#
####.######.##.#gSg## #.# ###
####.# #.#.##.##.## #.###.###
.....######......###.#
#)##..... ####..........#..#
#.# #.)......
#.#######.....###.#######.....
#.# ##.#.#.##.....# ##....
#.######........####.### #....
##.#......#.#.#...#.....#
#....


You could see a water moccasin, a gnoll sergeant, a howler monkey and 2 gnolls.

Vanquished Creatures
  A sky beast (D:5)
  A black bear (D:5)
  2 necrophages (D:5)
  A centaur (D:5)
  2 ogres (D:5)
  A bullfrog (D:5)
  3 scorpions (D:4)
  A killer bee (D:4)
  A hound (D:4)
  A centaur skeleton (D:5)
  Ijyb (D:3)
  3 iguanas
  2 orc wizards
  A hound zombie (D:5)
  2 hound skeletons
  2 adders
  13 gnolls
  An ufetubus (D:5)
  2 adder skeletons (D:4)
  2 worms (D:2)
  2 dart slugs (D:1)
  7 orcs
  11 ball pythons
  10 endoplasms
  A giant cockroach (D:1)
  7 goblins
  5 hobgoblins
  4 jackals
  4 quokkas
  2 bats
  2 frilled lizards
  10 kobolds
  2 rats
110 creatures vanquished.

Vanquished Creatures (others)
  3 plants
3 creatures vanquished.

Grand Total: 113 creatures vanquished

Notes
Turn   | Place    | Note
-------+----------+-------------------------------------------
     0 | D:1      | spaced the Minotaur Fighter began the quest for the Orb.
     0 | D:1      | Reached XP level 1. HP: 19/19 MP: 0/0
    46 | D:1      | Found a faded altar of an unknown god.
    94 | D:1      | Reached XP level 2. HP: 12/27 MP: 1/1
   405 | D:1      | Reached XP level 3. HP: 12/33 MP: 2/2
  1855 | D:3      | Reached XP level 4. HP: 40/40 MP: 3/3
  2213 | D:3      | Noticed Ijyb
  2223 | D:3      | Killed Ijyb
  2224 | D:3      | Reached skill level 1 in Dodging
  2800 | D:3      | Reached XP level 5. HP: 39/47 MP: 4/4
  3001 | D:4      | Learned a level 2 spell: Blink
  3371 | D:4      | Reached XP level 6. HP: 24/55 MP: 5/5
  3385 | D:5      | Entered Level 5 of the Dungeon
  3392 | D:5      | Reached skill level 5 in Shields
  3626 | D:4      | Reached skill level 5 in Armour
  4036 | D:4      | Reached skill level 5 in Fighting
  5151 | D:4      | Reached XP level 7. HP: 59/61 MP: 6/6
  5157 | D:4      | Found an ornate altar of the Wu Jian Council.
  5572 | D:5      | Found a staircase to the Ecumenical Temple.
  5582 | Temple   | Entered the Ecumenical Temple
  5645 | Temple   | Became a worshipper of Warmaster Okawaru
  6049 | D:5      | Reached skill level 1 in Short Blades
  6116 | D:5      | Found Zoesk's Distillery.
  6131 | D:5      | Reached * piety under Okawaru
  6132 | D:5      | Reached XP level 8. HP: 69/70 MP: 7/7
  6166 | D:5      | Bought a potion of curing for 39 gold pieces
  6166 | D:5      | Bought a potion of heal wounds for 65 gold pieces
  6233 | D:5      | Reached skill level 1 in Throwing
  6263 | D:5      | Reached skill level 1 in Maces & Flails
  6815 | D:5      | Reached skill level 1 in Stealth
  7119 | D:5      | Slain by a gnoll sergeant

Illustrated notes

Levels and vault maps discovered:
D:1:      zaba_arrival_water, layout_rooms, ebering_ecumenical_altar_rust,
          hangedman_decor_peaks_small, nrook_loot_triangle, minmay_tromino_mix6
D:2:      layout_loops_ring, chequers_hall_statues_corner_a
D:3:      layout_loops_ring, minmay_misc_feat_plants, uniq_ijyb
D:4:      layout_basic, mainiacjoe_overflow_brackets,
          chequers_serial_rivers_micro_a, serial_bayou_ford_a
D:5:      layout_loops_ring, minmay_temple_entry_sparse_star,
          kennysheep_windowed_goal
D:6:      layout_cave_pods, gammafunk_ghost_nasty_kobolds, serial_shops,
          nicolae_shop_temple_entry_statues_fountains
Temple:   kilobyte_greek_temple

Skill      XL: |  1  2  3  4  5  6  7  8 |
---------------+-------------------------+-----
Shields        | 4 5 6 |  6.8
Fighting       | 4 5 6 |  6.1
Armour         | 4 5 6 |  6.1
Polearms       | 3 4 |  4.8
Dodging        | 1 2 3 |  3.9
Short Blades   | 2 3 |  3.5
Throwing       | 1 |  1.1
Maces & Flails | 2 |  2.1
Stealth        | 1 |  1.0
Staves         | |  0.1
Evocations     | |  0.9

Action                   |  1- 3 |  4- 6 |  7- 9 || total
-------------------------+-------+-------+-------++-------
Melee: Trident           |    83 |   105 |       ||   188
       Headbutt          |    15 |    29 |    27 ||    71
       Short sword       |    19 |    25 |    61 ||   105
       Staff             |       |    41 |       ||    41
       Whip              |       |       |     5 ||     5
       Flail             |       |       |    37 ||    37
Throw: Throwing net      |     1 |     4 |       ||     5
       Dart              |       |     1 |     6 ||     7
Evoke: Wand              |       |     1 |     4 ||     5
  Use: Potion            |     2 |     1 |       ||     3
       Scroll            |     1 |     6 |     1 ||     8
Armor: Scale mail        |    28 |    18 |       ||    46
       Ring mail         |       |    35 |    35 ||    70
Dodge: Dodged            |    34 |    76 |    45 ||   155
Block: Kite shield       |    41 |   106 |    66 ||   213
